Map: King Sejong Station LE

Players

EnVyUsPolt (Polt)

  • Race: Terran Terran
  • League: Grandmaster

hydra - Winner!

  • Race: Zerg Zerg
  • League: Grandmaster

Event: The PiG Daily 30

VOD

https://www.youtube.com/watch?v=PT8yUeNFo2A

Description

Time

  • Played on: June 29, 2016, 4:16 p.m.
  • Length: 9:17

All games in this series

Show
View Real Time Build Order
Export as new Build Order

EnVyUsPolt Terran 

Build Orders: Liberator Opening, MMM Bio 

Get SALT Encoding   

  12  0:00  SCV  
  13  0:12  SCV  
  14  0:17  Supply Depot  
  14  0:25  SCV  
  15  0:38  SCV  
  15  0:40  Barracks  
  16  0:43  Refinery  
  16  0:50  SCV  
  17  1:03  SCV  
  18  1:15  SCV  
  19  1:27  Orbital Command  
  19  1:28  Barracks Reactor  
  19  1:39  Command Center  
  19  1:52  SCV  
  20  1:54  Supply Depot  
  20  2:04  Marine x2  
  20  2:05  SCV  
  23  2:08  Factory  
  23  2:16  Refinery  
  23  2:17  SCV  
  23  2:22  Marine x2  
  26  2:29  SCV  
  27  2:40  Marine x2  
  27  2:41  SCV  
  30  2:50  Orbital Command  
  30  2:53  SCV  
  30  2:54  Starport  
  31  3:03  Hellion x2  
  31  3:05  Marine  
  36  3:17  Armory  
  37  3:23  Supply Depot  
  37  3:26  Hellion  
  38  3:27  Hellion  
  38  3:30  Marine  
  41  3:34  Medivac  
  41  3:38  SCV x2  
  45  3:44  Supply Depot  
  45  3:51  Liberator  
  45  3:52  Hellion x2  
  49  3:56  Barracks Tech Lab  
  49  3:59  SCV x2  
  54  4:11  SCV  
  54  4:12  SCV  
  54  4:13  Supply Depot  
  56  4:22  Marine  
  57  4:26  Factory Tech Lab  
  57  4:36  SCV x2  
  45  5:03  Marine, SCV  
  45  5:06  Starport Reactor, Siege Tank  
  42  5:08  Barracks  
  42  5:09  SCV  
  42  5:10  Barracks  
  42  5:11  Bunker, Refinery  
  42  5:13  Barracks  
  43  5:15  SCV  
  43  5:17  Engineering Bay, Barracks  
  44  5:21  SCV  
  44  5:27  SCV  
  46  5:33  SCV  
  47  5:39  Marine, Siege Tank, SCV  
  47  5:40  Stimpack  
  47  5:42  Supply Depot  
  52  5:45  SCV  
  50  5:51  SCV  
  50  5:52  Terran Infantry Weapons Level 1, Refinery  
  51  5:57  SCV  
  51  5:58  Barracks Tech Lab, Barracks Reactor  
  51  6:00  Marine x2, Marauder  
  51  6:03  SCV  
  57  6:05  Supply Depot  
  57  6:06  Medivac  
  57  6:09  SCV  
  60  6:15  Supply Depot, Siege Tank  
  65  6:18  Marine x2, Marauder  
  65  6:19  Marine x2  
  65  6:20  Marine  
  65  6:25  Combat Shields  
  70  6:32  Supply Depot  
  70  6:33  Supply Depot  
  70  6:38  Marine x6  
  70  6:39  Marauder x2  
  80  6:41  Medivac  
  82  6:53  Siege Tank  
  85  6:56  Supply Depot x2  
  85  7:00  Marauder  
  85  7:01  Marauder  
  89  7:02  Marine x3  
  89  7:03  Marine  
  89  7:04  Marine x2  
  95  7:14  Medivac  
  97  7:23  Marine x6, Marauder x2  
  97  7:26  Siege Tank  
  110  7:35  Supply Depot  
  110  7:36  Supply Depot  
  110  7:49  Marine x6, Marauder x2  
  108  8:01  Siege Tank  
  108  8:03  Medivac  
  95  8:14  Marine x2  
  95  8:15  Marine x4, Marauder x2  
  104  8:32  Marine x6  
  110  8:36  Marauder x2  
  110  8:38  Siege Tank  
  110  8:39  Medivac  
  111  8:58  Marine x6  
Show
View Real Time Build Order
Export as new Build Order

hydra Zerg - Winner!

Build Orders: Hatch First 

Get SALT Encoding   

  12  0:00  Drone  
  13  0:12  Overlord  
  13  0:16  Drone  
  14  0:30  Drone x2  
  14  0:33  Drone  
  17  0:51  Hatchery  
  17  0:54  Drone  
  17  0:57  Drone  
  18  1:07  Extractor  
  17  1:13  Spawning Pool  
  17  1:15  Drone  
  17  1:18  Drone  
  18  1:27  Drone  
  19  1:37  Overlord  
  19  1:59  Queen  
  19  2:00  Zergling x4  
  23  2:04  Queen  
  23  2:06  Metabolic Boost  
  25  2:12  Drone  
  25  2:14  Drone  
  27  2:16  Drone  
  27  2:22  Drone  
  29  2:26  Drone  
  30  2:32  Drone  
  31  2:37  Drone  
  31  2:39  Queen  
  31  2:43  Pneumatized Carapace  
  34  2:45  Overlord  
  34  2:48  Drone  
  35  2:53  Overlord  
  35  2:57  Overlord  
  35  3:05  Drone  
  36  3:12  Drone x5  
  41  3:13  Drone  
  41  3:15  Drone  
  43  3:22  Roach Warren  
  42  3:34  Hatchery  
  41  3:36  Drone  
  41  3:38  Drone  
  43  3:42  Drone  
  43  3:47  Drone  
  45  3:50  Drone  
  45  3:52  Lair  
  45  3:53  Drone x2  
  45  3:54  Extractor  
  45  3:55  Extractor  
  46  3:56  Overlord  
  46  4:00  Drone  
  46  4:02  Overlord  
  47  4:05  Roach  
  47  4:09  Roach  
  51  4:11  Overlord  
  51  4:17  Drone  
  52  4:22  Roach x4  
  60  4:27  Roach x2  
  60  4:31  Roach  
  66  4:34  Roach  
  66  4:51  Drone x5  
  64  4:55  Drone  
  64  4:57  Drone  
  61  5:07  Drone, Ravager x2  
  63  5:17  Drone x3  
  63  5:18  Drone x4  
  69  5:23  Ravager  
  69  5:24  Drone  
  71  5:29  Evolution Chamber  
  71  5:31  Evolution Chamber, Drone  
  71  5:34  Queen  
  72  5:36  Drone x2  
  72  5:37  Extractor  
  72  5:39  Drone  
  72  5:40  Drone x2  
  76  5:49  Overlord x3  
  76  5:51  Roach  
  76  5:52  Overseer  
  78  5:57  Drone  
  78  5:58  Drone x2  
  78  6:02  Zerg Missile Weapons Level 1  
  78  6:03  Zerg Ground Armor Level 1  
  81  6:07  Drone x3  
  81  6:09  Extractor  
  81  6:10  Extractor  
  82  6:13  Infestation Pit  
  82  6:15  Queen  
  82  6:18  Drone x3  
  86  6:19  Drone  
  86  6:21  Drone x2  
  86  6:24  Roach  
  86  6:25  Roach  
  93  6:27  Glial Reconstitution  
  93  6:29  Overlord  
  93  6:32  Drone  
  94  6:36  Roach x3  
  94  6:37  Roach  
  102  6:41  Ravager  
  102  6:43  Overlord x2  
  102  6:45  Overlord  
  102  6:46  Overlord  
  103  6:50  Infestor  
  103  6:53  Ravager  
  106  6:56  Roach  
  106  6:57  Zergling x12  
  114  7:06  Roach x5  
  124  7:13  Infestor  
  124  7:15  Overlord x2  
  126  7:18  Drone  
  126  7:20  Drone x2  
  126  7:21  Spore Crawler  
  128  7:23  Zergling x2  
  128  7:27  Spore Crawler  
  128  7:42  Hatchery  
  127  7:46  Roach x10  
  145  7:53  Infestor x2  
  145  7:56  Zergling x6  
  138  8:04  Zergling x14  
  123  8:09  Infestor  
  123  8:11  Zergling x4  
  124  8:15  Ravager  
  124  8:16  Ravager x3  
  128  8:21  Zergling x6  
  131  8:36  Roach  
  131  8:37  Roach x2  
  132  8:45  Hatchery  
  132  8:46  Roach x3  
  137  8:49  Roach x2  
  137  8:50  Roach x3  
  137  8:51  Zergling x2  
  137  8:52  Zergling x6  
  150  8:58  Roach x3  
Tags
 
Add a new tag
Caveats
  • Supply blocks, unpowered buildings, or Contaminate may cause inaccurate times.
  • Supply counts are checked every 10 seconds.